 Dungeon Crawl Stone Soup version 0.21.1-1-g345015f (webtiles) character file.

130 inc the Chiller (level 5, -10/31 HPs)
             Began as an Octopode Ice Elementalist on Mar 16, 2018.
             Mangled by a mummy (18 damage)
             ... on level 4 of the Dungeon.
             The game lasted 00:03:43 (3064 turns).

inc the Chiller (Octopode Ice Elementalist)         Turns: 3064, Time: 00:03:44

Health: -10/31     AC:  1    Str:  7    XL:     5   Next: 13%
Magic:  8/8        EV: 13    Int: 18    God:
Gold:   139        SH:  0    Dex: 13    Spells: 7/8 levels left

rFire    . . .     SeeInvis .   (no weapon)
rCold    . . .     Gourm    .   (no shield)
rNeg     . . .     Faith    .   (helmet restricted)
rPois    .         Spirit   .   f - amulet of magic regeneration
rElec    .         Reflect  .   (no ring)
rCorr    .         Harm     .   (no ring)
MR       .....                  (no ring)
Stlth    +++.......             (no ring)
HPRegen  0.10/turn              (no ring)
MPRegen  0.36/turn              (no ring)
                                (no ring)
                                (no ring)

@: no status effects
A: almost no armour, stealthy swim, amphibious, 8 rings, constrict 8, camouflage
1, gelatinous body 1
a: no special abilities


You were on level 4 of the Dungeon.
You were hungry.

You visited 1 branch of the dungeon, and saw 4 of its levels.

You collected 139 gold pieces.

Inventory:

Jewellery
 f - an amulet of magic regeneration (around mantle)
 h - an uncursed ring of protection from fire {unknown}
 n - an uncursed ring of protection from cold {unknown}
Scrolls
 c - 5 scrolls of identify {unknown}
 d - 2 scrolls of amnesia {unknown}
 g - 2 scrolls of teleportation {unknown}
 m - a scroll of enchant armour {unknown}
Potions
 e - 3 potions of degeneration {unknown}
 i - a potion of haste {unknown}
 k - a potion of berserk rage {unknown}
 l - a potion of flight {unknown}
Books
 a - a book of Frost

   Spells                             Type                      Level
   a - Freeze                         Ice                          1
   b - Throw Frost                    Conjuration/Ice              2
   c - Ozocubu's Armour               Charms/Ice                   3
   d - Throw Icicle                   Conjuration/Ice              4
   e - Summon Ice Beast               Ice/Summoning                4
Comestibles
 b - 4 rations


   Skills:
 - Level 2.0 Dodging
 - Level 2.6 Stealth
 - Level 2.0 Spellcasting
   Level 1.0 Conjurations
 + Level 5.6 Ice Magic


You had 7 spell levels left.
You knew the following spells:

 Your Spells              Type           Power        Failure   Level  Hunger
a - Freeze                Ice            ###.         1%          1    #......


Dungeon Overview and Level Annotations

Branches:
Dungeon (4/15)
 Temple: D:4-7

Altars:
Kikubaaqudgha

Portals:
Ossuary: D:4

Annotations:
D:3 Grinder
D:4 inc's ghost, amateur OpCj


Innate Abilities, Weirdness & Mutations

You cannot wear most types of armour.
You are very stealthy in the water. (Stealth+)
You are amphibious.
You can wear up to eight rings at the same time.
You can use your tentacles to constrict eight enemies at once.
Your skin changes colour to match your surroundings (Stealth+).
Your rubbery body absorbs attacks. (AC +1, EV +1)


Message History

You tentacle-slap the mummy but do no damage.
You grab the mummy. You squeeze the mummy.
The mummy is moderately damaged.
You constrict the mummy. You tentacle-slap the mummy.
The mummy is heavily damaged.
You constrict the mummy. The mummy closely misses you.
You tentacle-slap the mummy but do no damage.
The mummy is heavily damaged.
You constrict the mummy, but do no damage.
The mummy hits you!
* * * LOW HITPOINT WARNING * * *
You tentacle-slap the mummy but do no damage.
The mummy is heavily damaged.
You constrict the mummy.
You tentacle-slap the mummy but do no damage.
The mummy is heavily damaged.
You constrict the mummy. The mummy hits you!!
Ouch! That really hurt!
You die...

#.# ## #.# #%. .... .#
#.# #.# ....# ..
#.###.####..#.##..#
#..........##.....#
#.##..#...###..#..#
######.##..#..##.#..#..#
.............##$.#.##..#
.####..##...##∩M@'.....##
.# #..##....##..#......#
.# #.........##.#......#
.# #......##..###.#....#
.# #...#.......##......#
.# #......####..#......#
.# ###$#..# #.........#
.######.#..#
#.............# .....##
#.. ...........##.#.#


You could see a mummy.

Vanquished Creatures
  Natasha (D:2)
  3 adders
  3 worms
  2 dart slugs
  5 leopard geckos
  An orc (D:3)
  3 giant cockroaches
  A goblin (D:3)
  6 hobgoblins
  8 jackals
  6 kobolds (D:2)
  4 quokkas
  2 ball pythons
  5 bats
  5 frilled lizards
  3 rats
58 creatures vanquished.

Vanquished Creatures (others)
  A fungus (D:4)
1 creature vanquished.

Grand Total: 59 creatures vanquished

Notes
Turn   | Place    | Note
-------+----------+-------------------------------------------
     0 | D:1      | inc the Octopode Ice Elementalist began the quest for the Orb.
     0 | D:1      | Reached XP level 1. HP: 11/11 MP: 3/3
   718 | D:1      | Reached XP level 2. HP: 14/17 MP: 0/5
  1302 | D:2      | Reached skill level 4 in Ice Magic
  1326 | D:2      | Reached XP level 3. HP: 21/21 MP: 3/6
  1714 | D:3      | Noticed Grinder
  1954 | D:2      | Noticed Natasha
  1958 | D:2      | Killed Natasha
  1958 | D:2      | Reached skill level 5 in Ice Magic
  1958 | D:2      | Reached XP level 4. HP: 22/27 MP: 3/7
  2871 | D:3      | Reached XP level 5. HP: 28/31 MP: 5/8
  2947 | D:4      | Noticed inc's ghost (amateur OpCj)
  2960 | D:4      | Found an ancient bone altar of Kikubaaqudgha.
  3055 | D:4      | Found a sand-covered staircase.
  3064 | D:4      | Mangled by a mummy

Skill      XL: |  1  2  3 |
---------------+----------+-----
Ice Magic      | 4 5 |  5.6
Dodging        | |  2.0
Stealth        | |  2.6
Spellcasting   | |  2.0
Conjurations   | |  1.0

Action                   |  1- 3 |  4- 6 || total
-------------------------+-------+-------++-------
Melee: Unarmed           |    42 |    48 ||    90
       Constrict         |    14 |    12 ||    26
       Tentacles         |     7 |    11 ||    18
 Cast: Freeze            |    38 |    29 ||    67
 Stab: Sleeping          |     3 |    15 ||    18
  Eat: Chunk             |     3 |     4 ||     7
Armor: Skin              |     3 |     8 ||    11
Dodge: Dodged            |    46 |    42 ||    88
